[Event "Titled Tuesday Blitz October 11 Early 2022"]
[White "Sovetbekova, Nurai"]
[Black "Colas, Joshua"]
[WhiteFideId "13801910"]
[BlackFideId "2044447"]
[WhiteElo "1925"]
[BlackElo "2347"]
[Result "0-1"]
[Round "01"]
[TimeControl "180+1"]
[Date "2022.10.12"]
[WhiteClock "0:00:02"]
[BlackClock "0:00:07"]

1. d4 d5 2. c4 e6 3. Nf3 Nf6 4. g3 dxc4 5. Bg2 Nc6 6. O-O Rb8 7. a4 a6 8. a5 b5 9. axb6 cxb6 10. Bf4 Bd6 11. Ne5 Ne7 12. Bc6+ Kf8 13. Na3 b5 14. Bg2 Bb7 15. Bxb7 Rxb7 16. Nc2 Rb6 17. Qd2 h6 18. h4 Ned5 19. e4 Nxe4 20. Qe2 Nxf4 21. gxf4 Nf6 22. Ne3 Be7 23. Rfd1 Nd5 24. N3g4 Bxh4 25. Qf3 Bf6 26. f5 exf5 27. Qxf5 h5 28. Nd7+ Kg8 29. Ngxf6+ Nxf6 30. Nxb6 Qxb6 31. Qc8+ Kh7 32. Qf5+ g6 33. Qf3 Kg7 34. d5 Rd8 35. Rd2 Rd6 36. Rad1 Qc5 37. Qc3 b4 38. Qe5 h4 39. Rd4 c3 40. bxc3 bxc3 41. Rf4 c2 42. Rc1 Qxd5 43. Qb2 Qd1+ 44. Kg2 Qd2 45. Rxf6 Rxf6 46. Rxc2 Qg5+ 47. Kf1 Qg4 48. Rc6 Qh3+ 49. Kg1 Qg4+ 50. Kf1 Qd1+ 51. Kg2 Qd5+ 52. Kg1 Qxc6 0-1


[Site "https://www.chess.com"]

[Event "Titled Tuesday Blitz October 11 Early 2022"]
[White "Svane, Rasmus"]
[Black "Yaniuk, Volodymyr"]
[WhiteFideId "4657101"]
[BlackFideId "14133083"]
[WhiteElo "2674"]
[BlackElo "2141"]
[Result "1-0"]
[Round "01"]
[TimeControl "180+1"]
[Date "2022.10.11"]
[WhiteClock "0:00:15"]
[BlackClock "0:00:07"]

1. Nf3 Nf6 2. g3 d5 3. Bg2 Bg4 4. O-O c6 5. h3 Bxf3 6. Bxf3 Nbd7 7. d3 e5 8. e4 dxe4 9. dxe4 Bc5 10. Nd2 O-O 11. a4 a5 12. Qe2 Qe7 13. Nb3 Bb6 14. Bd2 Nc5 15. Nxc5 Bxc5 16. Rfd1 Rfd8 17. Kg2 h6 18. Be1 Bb6 19. Qc4 Qe6 20. Qxe6 fxe6 21. Kf1 Rxd1 22. Rxd1 Rd8 23. Rxd8+ Bxd8 24. Bg2 Kf7 25. Ke2 Ne8 26. f4 exf4 27. gxf4 g5 28. Bd2 Nd6 29. b3 Ne8 30. Bf3 Ng7 31. Kd3 Ke8 32. Kc4 Kd7 33. c3 Ne8 34. Kd3 Nd6 35. Bg4 gxf4 36. Bxf4 Bg5 37. Bg3 Nf7 38. Bh5 Nd6 39. b4 axb4 40. cxb4 Be7 41. Bf4 Bg5 42. Be5 Nc8 43. Bd4 Be7 44. Bc3 Nb6 45. Bd1 Kc7 46. Bb3 Kd7 47. Ke3 Bg5+ 48. Kf3 Ke7 49. Kg4 Nd7 50. h4 Be3 51. e5 c5 52. b5 Bd4 53. Bd2 Nxe5+ 54. Kh5 Nf7 55. a5 Nd6 56. a6 bxa6 57. bxa6 c4 58. Bc2 c3 59. Bxh6 Nb5 60. Kg6 Na3 61. Bd3 c2 62. Bc1 Bc5 63. a7 Bxa7 64. Bxa3+ Kd7 65. Bxc2 Bd4 66. h5 e5 67. h6 Ke6 68. h7 e4 69. Bxe4 Kd7 70. Bf8 Ke8 71. Bg7 Bxg7 72. Kxg7 1-0


[Site "https://www.chess.com"]

[Event "Titled Tuesday Blitz October 11 Early 2022"]
[White "Tang, Andrew"]
[Black "Lucas, Arthur"]
[WhiteFideId "2059630"]
[BlackFideId "26093073"]
[WhiteElo "2581"]
[BlackElo "2251"]
[Result "1-0"]
[Round "01"]
[TimeControl "180+1"]
[Date "2022.10.11"]
[WhiteClock "0:01:42"]
[BlackClock "0:00:02"]

1. d4 Nf6 2. c4 g6 3. f3 Bg7 4. e4 d6 5. Nc3 a6 6. Nge2 c6 7. Be3 b5 8. c5 O-O 9. cxd6 exd6 10. Nf4 Re8 11. Be2 Bb7 12. O-O Nbd7 13. Qd2 Qc7 14. Rfd1 Rad8 15. Rac1 Nb6 16. b3 Qb8 17. h4 h5 18. a4 b4 19. Nb1 a5 20. Qc2 Rc8 21. Qd2 Nbd7 22. Bd3 Nf8 23. Qf2 Ne6 24. Nd2 Nxf4 25. Bxf4 Red8 26. Nc4 Qa7 27. Nxd6 Ra8 28. Bc4 Rd7 29. Be5 Rad8 30. Qg3 Rxd6 31. Bxd6 Ne8 32. Be5 Ba6 33. Qxg6 Bxc4 34. Qxh5 Bxb3 35. Rd2 c5 36. Rxc5 Qxc5 37. dxc5 Rxd2 38. c6 Rd1+ 39. Kh2 Rc1 40. Bxg7 Nxg7 41. Qxa5 Rxc6 42. Qxb4 Be6 43. a5 Rc4 44. Qb7 1-0


[Site "https://www.chess.com"]

[Event "Titled Tuesday Blitz October 11 Early 2022"]
[White "Tarasova, Viktoriya"]
[Black "Guzman, Christopher"]
[WhiteFideId "4175840"]
[BlackFideId "6405096"]
[WhiteElo "2182"]
[BlackElo "2272"]
[Result "1-0"]
[Round "01"]
[TimeControl "180+1"]
[Date "2022.10.12"]
[WhiteClock "0:00:03"]
[BlackClock "0:01:07"]

1. d4 Nf6 2. c4 e6 3. Nc3 Bb4 4. Nf3 O-O 5. Bg5 b6 6. e3 Bb7 7. Bd3 h6 8. Bh4 d6 9. O-O Bxc3 10. bxc3 Nbd7 11. Nd2 Qe8 12. f4 e5 13. fxe5 dxe5 14. Bxf6 Nxf6 15. Rxf6 e4 16. Rxh6 exd3 17. Rh3 Bc8 18. Rg3 f5 19. Nf1 Ba6 20. Qxd3 Qe6 21. d5 Qe5 22. Rf3 Rad8 23. Rd1 Rd6 24. Rf4 c6 25. Qd4 Qe7 26. e4 fxe4 27. Rxe4 Qd8 28. Qe5 Rf7 29. Qe8+ Qxe8 30. Rxe8+ Kh7 31. Ne3 Rfd7 32. Kf2 Bb7 33. Re5 Kg8 34. g3 Kf7 35. Rf5+ Kg8 36. Rd4 a5 37. Rdf4 Kh7 38. Rh5+ Kg8 39. Nf5 Rf6 40. dxc6 Bxc6 41. Nd4 Rxf4+ 42. gxf4 Ba4 43. c5 bxc5 44. Rxc5 Rb7 45. Rxa5 Rb2+ 46. Ke3 Bd7 47. Ra7 Bg4 48. a4 Rxh2 49. a5 Ra2 50. a6 Bh3 51. f5 Bg2 52. Ne6 Bf1 53. Rxg7+ Kh8 54. a7 Ra5 55. Rf7 Bg2 56. Rf8+ Kh7 57. Rf7+ Kg8 58. Rc7 Bh1 59. Kf4 Kh8 60. Kg5 Ra1 61. Kf6 Ra5 62. Ng5 Ra6+ 63. Ne6 Kg8 64. Ke7 Bd5 65. Rd7 Bc4 66. Rd8+ Kh7 67. a8=Q 1-0


[Site "https://www.chess.com"]

[Event "Titled Tuesday Blitz October 11 Early 2022"]
[White "Tarigan, Gilbert Elroy"]
[Black "Hnydiuk, Aleksander"]
[WhiteFideId "7108133"]
[BlackFideId "1109057"]
[WhiteElo "2284"]
[BlackElo "2374"]
[Result "1-0"]
[Round "01"]
[TimeControl "180+1"]
[Date "2022.10.11"]
[WhiteClock "0:00:04"]
[BlackClock "0:00:05"]

1. e4 e5 2. Nf3 Nf6 3. Nxe5 d6 4. Nd3 Nxe4 5. Qe2 Qe7 6. Nf4 Nc6 7. c3 Nf6 8. f3 Bf5 9. d4 O-O-O 10. Qxe7 Bxe7 11. Bd3 Bxd3 12. Nxd3 Nd5 13. Kf2 Bh4+ 14. g3 Bf6 15. Nd2 h5 16. Ne4 h4 17. g4 Be7 18. Bd2 g6 19. g5 Bf8 20. c4 Nb6 21. d5 Nd4 22. b3 Bg7 23. Rac1 Nf5 24. Bc3 Bxc3 25. Nxc3 Rde8 26. Rce1 Kd7 27. Ne4 Kd8 28. Nf6 Rxe1 29. Rxe1 Nd7 30. Ne4 c6 31. Nb4 Kc7 32. Rd1 a5 33. Nc2 a4 34. b4 Ne5 35. c5 Rd8 36. dxc6 bxc6 37. cxd6+ Nxd6 38. Nc5 Nb7 39. Rxd8 Nxd8 40. Nxa4 Ne6 41. Nc3 Nd3+ 42. Ke3 Nc1 43. a4 Nxg5 44. a5 Ne6 45. Ne4 f5 46. Nd2 Na2 47. Kd3 Kb7 48. Kc4 Nc1 49. Nd4 Nxd4 50. Kxd4 g5 51. Nc4 g4 52. Nd6+ Kc7 53. Nxf5 gxf3 54. Ke3 Na2 55. Nxh4 Nxb4 56. Nxf3 Nd5+ 57. Ke4 Ne7 58. Ne5 Kb7 59. h4 Ng8 60. Kf5 c5 61. h5 Ka6 62. Kg6 Ne7+ 63. Kf6 Ng8+ 64. Kf7 Nh6+ 65. Kg7 Nf5+ 66. Kg6 Ne7+ 67. Kf6 Ng8+ 68. Kg7 Ne7 69. Kf7 Nf5 70. Ke6 Nh6 71. Nc4 Kb5 72. Kf6 Kxc4 73. a6 Kb5 74. a7 c4 75. a8=Q c3 76. Qc8 Kb4 77. Kg6 1-0


[Site "https://www.chess.com"]

[Event "Titled Tuesday Blitz October 11 Early 2022"]
[White "Tatarinov, Dmitry"]
[Black "Begunov, Konstantin"]
[WhiteFideId "24160067"]
[BlackFideId "4118510"]
[WhiteElo "2326"]
[BlackElo "2225"]
[Result "1/2-1/2"]
[Round "01"]
[TimeControl "180+1"]
[Date "2022.10.12"]
[WhiteClock "0:00:21"]
[BlackClock "0:00:23"]

1. e4 c5 2. Nf3 d6 3. d4 cxd4 4. Nxd4 Nf6 5. Nc3 a6 6. Bd3 e5 7. Nde2 Nc6 8. Bg5 Be7 9. O-O O-O 10. Kh1 b5 11. a3 Bb7 12. f4 exf4 13. Nxf4 Ne5 14. Qe1 Nfd7 15. Bxe7 Qxe7 16. Ncd5 Qg5 17. Qb4 Nc5 18. Be2 Rac8 19. Rad1 Rfe8 20. Qd4 Ne6 21. Nxe6 fxe6 22. Ne3 Qe7 23. Qxd6 Qxd6 24. Rxd6 Rc7 25. Bd3 Nf7 26. Rb6 Rd8 27. Rxe6 Ng5 28. Re5 Nf7 29. Ref5 Nd6 30. R5f4 Re8 31. e5 Nf7 32. Bxh7+ Kxh7 33. Rxf7 Rxf7 34. Rxf7 Rxe5 35. Rxb7 Rxe3 36. h3 Re1+ 37. Kh2 Rb1 38. b4 Ra1 39. Rc7 Rxa3 40. c3 a5 41. Rc5 a4 42. h4 Rb3 43. Rxb5 Rxc3 44. g3 a3 45. Ra5 Rb3 46. b5 a2 47. Rxa2 Rxb5 48. Kh3 Kh6 49. Ra8 Rb4 50. Ra6+ Kh7 51. h5 Rc4 52. g4 Rb4 53. Kh4 Rb5 54. Ra4 Rc5 55. Re4 Rb5 56. g5 Rb1 57. Re8 Rb4+ 58. Kg3 Rb3+ 59. Kf4 Rb4+ 60. Kf5 Rb5+ 61. Re5 Rb1 62. h6 Rf1+ 63. Kg4 gxh6 64. Re7+ Kg6 65. Re6+ Kg7 66. Rxh6 Rg1+ 67. Kf4 Rf1+ 68. Ke3 Re1+ 69. Kf3 Rg1 70. Kf4 Rf1+ 71. Kg4 Rg1+ 72. Kf5 Rf1+ 73. Ke4 Rg1 74. Rh5 Kg6 75. Rh2 Rxg5 76. Rf2 Rg4+ 77. Ke5 Rg5+ 78. Ke6 Rg4 79. Rf6+ Kg5 80. Rf5+ Kh4 81. Ke5 Rg5 82. Rxg5 Kxg5 1/2-1/2


[Site "https://www.chess.com"]

[Event "Titled Tuesday Blitz October 11 Early 2022"]
[White "Tiarks, Jann-Christian"]
[Black "Subelj, Jan"]
[WhiteFideId "12951595"]
[BlackFideId "14618583"]
[WhiteElo "2194"]
[BlackElo "2394"]
[Result "0-1"]
[Round "01"]
[TimeControl "180+1"]
[Date "2022.10.12"]
[WhiteClock "0:01:51"]
[BlackClock "0:02:23"]

1. e4 c5 2. c3 e5 3. d4 cxd4 4. cxd4 exd4 5. Nf3 Bc5 6. Nbd2 Nf6 7. e5 Nd5 8. Bc4 Nb6 9. Bb3 d5 10. O-O Bf5 11. Bc2 d3 12. Bb3 Nc6 13. Re1 O-O 14. Nf1 a5 15. a3 Nc4 16. Ng3 Bg6 17. Ba2 Qb6 18. Nh4 Bxf2+ 19. Kh1 Bxe1 20. Nxg6 fxg6 21. Qxe1 Qf2 22. Bd2 Qxd2 0-1


[Site "https://www.chess.com"]

[Event "Titled Tuesday Blitz October 11 Early 2022"]
[White "Titichoca Daza, Daniel"]
[Black "Costachi, Mihnea"]
[WhiteFideId "3309550"]
[BlackFideId "1217518"]
[WhiteElo "2105"]
[BlackElo "2437"]
[Result "1-0"]
[Round "01"]
[TimeControl "180+1"]
[Date "2022.10.12"]
[WhiteClock "0:00:56"]
[BlackClock "0:00:12"]

1. e4 c6 2. Nc3 d5 3. Nf3 dxe4 4. Nxe4 Nd7 5. Qe2 e6 6. b3 Ngf6 7. Bb2 Be7 8. O-O-O O-O 9. g4 Qa5 10. Kb1 b6 11. g5 Nxe4 12. Qxe4 Qd5 13. Qe3 Bb7 14. h4 c5 15. Rh3 Rfd8 16. h5 e5 17. g6 Qe4 18. gxf7+ Kh8 19. Nxe5 Nxe5 20. Bxe5 Qxe3 21. Rxe3 Bd5 22. h6 Bf6 23. Bxf6 gxf6 24. Bc4 Bc6 25. Rg1 b5 26. Be6 Bd5 27. Bxd5 Rxd5 28. Re8+ Rxe8 29. fxe8=Q# 1-0


[Site "https://www.chess.com"]

[Event "Titled Tuesday Blitz October 11 Early 2022"]
[White "Tologon tegin, Semetei"]
[Black "Cramling Bellon, Anna"]
[WhiteFideId "13800574"]
[BlackFideId "32009232"]
[WhiteElo "2282"]
[BlackElo "1972"]
[Result "1-0"]
[Round "01"]
[TimeControl "180+1"]
[Date "2022.10.12"]
[WhiteClock "0:00:05"]
[BlackClock "0:00:03"]

1. e4 c5 2. Nf3 e6 3. d4 cxd4 4. Nxd4 Nf6 5. Nc3 Nc6 6. Nxc6 bxc6 7. e5 Nd5 8. Ne4 Qc7 9. f4 Qb6 10. a3 Ne3 11. Qd3 Nxf1 12. Rxf1 Ba6 13. c4 Be7 14. b4 O-O 15. Be3 Qc7 16. Rf3 f5 17. Nd6 c5 18. Bxc5 Qc6 19. Kf2 Bxd6 20. Qxd6 Bxc4 21. Qxc6 dxc6 22. Bxf8 Rxf8 23. Rc3 Bd5 24. a4 a6 25. Rb1 Rb8 26. Rc5 Be4 27. Rb2 h6 28. h4 Rd8 29. Rc3 Rd4 30. g3 Rd1 31. Ke3 Kf7 32. Rd2 Re1+ 33. Kd4 Bd5 34. Kc5 Re4 35. b5 axb5 36. axb5 cxb5 37. Rxd5 exd5 38. Kxd5 b4 39. Rc6 b3 40. Rb6 Re3 41. h5 Rxg3 42. Rb7+ Kf8 43. Ke6 Kg8 44. Rb8+ Kh7 45. Kxf5 Re3 46. e6 Re2 47. Rb7 b2 48. Kg4 Rg2+ 49. Kf3 Rh2 50. f5 Rxh5 51. Kf4 Rh4+ 52. Ke5 Rh2 53. e7 Re2+ 54. Kd6 Rd2+ 55. Ke6 Re2+ 56. Kf7 Re5 57. e8=Q Rxf5+ 58. Ke6 Rf6+ 59. Ke5 h5 60. Qxh5+ Rh6 61. Qf5+ Rg6 62. Rxb2 Kh6 63. Rh2# 1-0


[Site "https://www.chess.com"]

[Event "Titled Tuesday Blitz October 11 Early 2022"]
[White "Toncheva, Nadya"]
[Black "Jobava, Baadur"]
[WhiteFideId "2924056"]
[BlackFideId "13601520"]
[WhiteElo "2101"]
[BlackElo "2582"]
[Result "0-1"]
[Round "01"]
[TimeControl "180+1"]
[Date "2022.10.11"]
[WhiteClock "0:00:28"]
[BlackClock "0:01:51"]

1. e4 e6 2. d4 d5 3. Nd2 dxe4 4. Nxe4 Bd7 5. Bd3 Bc6 6. c3 Nd7 7. Nf3 Ngf6 8. Qe2 Nxe4 9. Bxe4 Bxe4 10. Qxe4 c6 11. O-O Be7 12. b3 O-O 13. Bb2 a5 14. a4 Nf6 15. Qe2 Qb6 16. Qc2 Rfd8 17. Rad1 h6 18. c4 Qc7 19. Rfe1 Bb4 20. Re3 Bd6 21. Red3 Rd7 22. Ne5 Rdd8 23. h3 Nd7 24. Ng4 Nf8 25. Qc3 Bb4 26. Qc1 Ng6 27. d5 Nf4 28. Re3 cxd5 29. Re5 Qxe5 0-1


[Site "https://www.chess.com"]

[Event "Titled Tuesday Blitz October 11 Early 2022"]
[White "Torres Boch, Jose Francisco"]
[Black "Kodinets, Konstantin L."]
[WhiteFideId "2278383"]
[BlackFideId "4122011"]
[WhiteElo "2073"]
[BlackElo "2447"]
[Result "0-1"]
[Round "01"]
[TimeControl "180+1"]
[Date "2022.10.12"]
[WhiteClock "0:00:05"]
[BlackClock "0:00:11"]

1. e4 e5 2. Nf3 d6 3. d4 exd4 4. Nxd4 Nf6 5. Nc3 Be7 6. Be2 O-O 7. Bf4 Nc6 8. Qd2 Nxd4 9. Qxd4 Be6 10. O-O-O Nd7 11. Qe3 a6 12. g4 Bf6 13. g5 Be5 14. Bxe5 dxe5 15. h4 Qe7 16. h5 Nb6 17. g6 fxg6 18. hxg6 h6 19. Nd5 Bxd5 20. exd5 Rf4 21. d6 Qf6 22. dxc7 Rc8 23. Qc3 Rd4 24. Rxd4 exd4 25. Qc5 Qc6 26. Qxd4 Qxc7 27. c3 Rd8 28. Qe4 Qc6 29. Qxc6 bxc6 30. Bxa6 Rd6 31. Rg1 c5 32. Kc2 Rf6 33. Rg2 Kf8 34. Bb5 Nd5 35. a4 Nf4 36. Rh2 Nxg6 37. a5 Ne7 38. Kb3 Rf4 39. Ka3 Nc8 40. b4 cxb4+ 41. cxb4 Na7 42. Bd7 Ke7 43. Ba4 Rf3+ 44. Ka2 Rf4 45. Ka3 Rf3+ 46. Bb3 Nb5+ 47. Kb2 Nd4 48. Bd1 Rf5 49. Rg2 g5 50. Rg4 Nc6 51. Re4+ Kd6 52. f3 Rb5 53. Ka3 Nxa5 54. bxa5 Rxa5+ 55. Kb4 Re5 56. Rxe5 Kxe5 57. Kc3 Kf4 58. Kd2 Kg3 59. Ke1 Kg2 60. Be2 h5 61. Bf1+ Kxf3 62. Kd2 g4 63. Be2+ Kf2 64. Kd3 g3 65. Bxh5 g2 0-1


[Site "https://www.chess.com"]

[Event "Titled Tuesday Blitz October 11 Early 2022"]
[White "Toshali, V"]
[Black "Baskakov, Egor"]
[WhiteFideId "5072611"]
[BlackFideId "24197866"]
[WhiteElo "1973"]
[BlackElo "2211"]
[Result "1-0"]
[Round "01"]
[TimeControl "180+1"]
[Date "2022.10.12"]
[WhiteClock "0:01:15"]
[BlackClock "0:00:53"]

1. d4 Nf6 2. Nf3 e6 3. Bf4 d5 4. e3 Ne4 5. Nbd2 Bd6 6. Ne5 O-O 7. Bd3 f5 8. O-O Nd7 9. c4 Nxd2 10. Qxd2 Nxe5 11. dxe5 Be7 12. cxd5 Qxd5 13. Qe2 Qd8 14. e4 g5 15. exf5 gxf4 16. f6 Bxf6 17. exf6 Qxf6 18. Qh5 Qg7 19. Rae1 Bd7 20. Re5 Kh8 21. Rg5 Qe7 22. Rg4 e5 23. Rh4 Rf7 24. Re1 Rg7 25. Rxe5 Qd6 26. Qxh7+ Rxh7 27. Rxh7+ Kg8 28. Rg5+ Kf8 29. Rh8+ Ke7 30. Rg7+ Kf6 31. Rg6+ Ke5 32. Rxd6 Rxh8 33. Rxd7 1-0


[Site "https://www.chess.com"]

[Event "Titled Tuesday Blitz October 11 Early 2022"]
[White "Tsaruk, Maksim"]
[Black "Evdokimov, Alexey"]
[WhiteFideId "13511173"]
[BlackFideId "24162450"]
[WhiteElo "2273"]
[BlackElo "2154"]
[Result "1/2-1/2"]
[Round "01"]
[TimeControl "180+1"]
[Date "2022.10.12"]
[WhiteClock "0:01:16"]
[BlackClock "0:00:52"]

1. e4 c6 2. d4 d5 3. Nd2 dxe4 4. Nxe4 Nf6 5. Nxf6+ exf6 6. c3 Bd6 7. Bd3 Na6 8. Qc2 h5 9. Ne2 Nc7 10. Bf4 Nd5 11. Bxd6 Qxd6 12. O-O-O O-O 13. g3 b5 14. Be4 a5 15. Kb1 a4 16. Bxd5 Qxd5 17. Nf4 Bf5 18. Nxd5 Bxc2+ 19. Kxc2 cxd5 20. Rhe1 Rfe8 21. Kd2 Kf8 22. Rxe8+ Kxe8 23. Re1+ Kd7 24. Kd3 Kd6 25. Re3 g6 26. h4 Rb8 27. Re2 Rc8 28. Ke3 a3 29. Kd3 axb2 30. Rxb2 Kc6 31. Re2 Kd6 32. Kc2 b4 33. Re3 Rc4 34. Kb3 bxc3 35. Rxc3 Rxd4 36. a4 Rd1 37. a5 Ra1 38. Kb4 d4 39. Rc8 Rb1+ 40. Ka4 Ra1+ 41. Kb5 Rb1+ 42. Ka4 Ra1+ 43. Kb4 Rb1+ 44. Ka4 1/2-1/2


[Site "https://www.chess.com"]

[Event "Titled Tuesday Blitz October 11 Early 2022"]
[White "Tworuszka, Michal"]
[Black "Machidon, Cristi"]
[WhiteFideId "1117858"]
[BlackFideId "13904590"]
[WhiteElo "2323"]
[BlackElo "2312"]
[Result "0-1"]
[Round "01"]
[TimeControl "180+1"]
[Date "2022.10.12"]
[WhiteClock "0:00:02"]
[BlackClock "0:00:34"]

1. d4 Nf6 2. c4 e6 3. Nc3 Bb4 4. f3 d5 5. a3 Bxc3+ 6. bxc3 c5 7. cxd5 Nxd5 8. dxc5 Qa5 9. e4 Ne7 10. Be3 Nd7 11. Qd4 O-O 12. Qb4 Qc7 13. a4 Nc6 14. Qa3 Rd8 15. Ne2 e5 16. Nd4 exd4 17. cxd4 Nf6 18. d5 Ne5 19. Be2 Nxd5 20. exd5 Rxd5 21. O-O Bf5 22. Rad1 Rad8 23. Rxd5 Rxd5 24. Qb3 Qd7 25. Rd1 Rxd1+ 26. Qxd1 Qxd1+ 27. Bxd1 Bd7 28. Bd4 Nc6 29. Bc3 Nd8 30. Kf2 Ne6 31. Bb4 Nf4 32. Ke3 Nd5+ 33. Kd4 Nxb4 0-1


[Site "https://www.chess.com"]

[Event "Titled Tuesday Blitz October 11 Early 2022"]
[White "Ulziikhishigjargal, Ochirkhuyag"]
[Black "Ruge, Edison"]
[WhiteFideId "4903188"]
[BlackFideId "4401000"]
[WhiteElo "1920"]
[BlackElo "2175"]
[Result "1-0"]
[Round "01"]
[TimeControl "180+1"]
[Date "2022.10.12"]
[WhiteClock "0:01:47"]
[BlackClock "0:00:18"]

1. d4 Nf6 2. c4 g6 3. Nc3 Bg7 4. e4 d6 5. Nf3 Nc6 6. Be2 O-O 7. O-O Bg4 8. Be3 e5 9. d5 Ne7 10. Qc2 h6 11. b4 a6 12. c5 Rc8 13. a4 Nh7 14. h3 Bxf3 15. Bxf3 f5 16. Rfd1 Ng5 17. Bxg5 hxg5 18. c6 b6 19. Ne2 Qe8 20. Ng3 Qf7 21. Qd3 Qf6 22. Qxa6 Kf7 23. Qe2 Ng8 24. a5 bxa5 25. bxa5 Nh6 26. a6 g4 27. hxg4 fxg4 28. Bxg4 Ra8 29. Be6+ Ke7 30. a7 Nf7 31. Rdb1 Ng5 32. Rb7 Nxe6 33. dxe6 Qxe6 34. Rxc7+ Kf6 35. Qf3+ Kg5 36. Qe3+ Kf6 37. Rb1 Rac8 38. Rxc8 Rxc8 39. Qa3 Ra8 40. Rb8 Rxa7 41. Qxa7 1-0


[Site "https://www.chess.com"]

[Event "Titled Tuesday Blitz October 11 Early 2022"]
[White "Vachylia, Andrii"]
[Black "Mihailidis, Anastasios"]
[WhiteFideId "14137224"]
[BlackFideId "4205588"]
[WhiteElo "2318"]
[BlackElo "2312"]
[Result "1-0"]
[Round "01"]
[TimeControl "180+1"]
[Date "2022.10.12"]
[WhiteClock "0:01:08"]
[BlackClock "0:00:02"]

1. e4 c5 2. Nf3 d6 3. d4 cxd4 4. Nxd4 Nf6 5. Nc3 g6 6. f3 Bg7 7. Be3 O-O 8. Qd2 Nc6 9. O-O-O d5 10. exd5 Nxd5 11. Nxc6 bxc6 12. Bd4 Nxc3 13. Qxc3 Bh6+ 14. Be3 Bxe3+ 15. Qxe3 Qb6 16. Qc3 Be6 17. h4 Rfd8 18. Bd3 Qd4 19. Qa3 c5 20. Be4 Qf2 21. Bxa8 Rxa8 22. Rd2 Qg3 23. Qxc5 Rc8 24. Qxa7 Bf5 25. Qxe7 Kg7 26. h5 Qf4 27. h6+ Kg8 28. c3 Be6 29. Kd1 Rf8 30. Rd8 Qa4+ 31. Ke1 Qa8 32. Qxf8# 1-0


[Site "https://www.chess.com"]

[Event "Titled Tuesday Blitz October 11 Early 2022"]
[White "Veleshnja, Zino"]
[Black "Srihari L R"]
[WhiteFideId "4701313"]
[BlackFideId "46617116"]
[WhiteElo "2167"]
[BlackElo "2336"]
[Result "0-1"]
[Round "01"]
[TimeControl "180+1"]
[Date "2022.10.12"]
[WhiteClock "0:01:03"]
[BlackClock "0:01:27"]

1. d4 Nf6 2. c4 b6 3. Nc3 Bb7 4. f3 c5 5. d5 e5 6. e4 d6 7. Bg5 Be7 8. Bd3 Nxd5 9. cxd5 Bxg5 10. Bb5+ Kf8 11. Nh3 a6 12. Nxg5 Qxg5 13. Bf1 b5 14. Qc2 Nd7 15. g3 h5 16. Kf2 h4 17. Bh3 Nb6 18. b3 Ke7 19. g4 Nd7 20. a4 b4 21. Nd1 a5 22. Ne3 g6 23. Nc4 Ba6 24. Bf1 h3 25. Rc1 Bxc4 26. Bxc4 Nf6 27. Rhg1 Qf4 28. Rg3 Nxe4+ 29. Qxe4 Qxc1 30. g5 Qd2+ 31. Be2 Qd4+ 32. Qxd4 cxd4 33. Bc4 Rac8 34. Ke2 Rh4 35. Kd3 Rch8 36. Bb5 Rf4 37. Bc4 Rh5 38. Ba6 Rf5 39. Bc8 Rfxg5 40. Bg4 Rh4 0-1


[Site "https://www.chess.com"]

[Event "Titled Tuesday Blitz October 11 Early 2022"]
[White "Velikanov, Alexander"]
[Black "Urbina Perez, Juan Antonio"]
[WhiteFideId "2039290"]
[BlackFideId "2217368"]
[WhiteElo "2259"]
[BlackElo "2197"]
[Result "1-0"]
[Round "01"]
[TimeControl "180+1"]
[Date "2022.10.12"]
[WhiteClock "0:00:03"]
[BlackClock "0:00:17"]

1. d4 d5 2. Nc3 Nf6 3. Bf4 e6 4. Nb5 Na6 5. e3 c6 6. Nc3 Bb4 7. Bxa6 bxa6 8. Ne2 Qa5 9. O-O O-O 10. a3 Be7 11. b4 Qb6 12. Na4 Qd8 13. Qe1 a5 14. bxa5 Ba6 15. f3 Nd7 16. Rf2 c5 17. Rb1 Bxe2 18. Rxe2 cxd4 19. exd4 Bxa3 20. Qc3 Be7 21. Bc7 Qc8 22. Qc6 Nb8 23. Qxa8 Qxc7 24. Qb7 Qc4 25. Qb5 Qxd4+ 26. Kh1 a6 27. Qb3 Nc6 28. Nb6 Nxa5 29. Qa4 Qxa4 30. Nxa4 Nc4 31. Rb7 Bd6 32. g3 g6 33. Kg2 Rc8 34. Nb6 Rc6 35. Nxc4 Rxc4 36. Rb6 Bb4 37. Rxa6 Bc3 38. Ra8+ Kg7 39. Ra2 d4 40. Ra6 Rc5 41. Ra7 e5 42. Rb7 Kf6 43. Rb6+ Kg7 44. Rb7 h5 45. h3 Ra5 46. Re7 Kf6 47. Rc7 Ra6 48. Rc4 Re6 49. Rc8 Kg7 50. Ra8 f5 51. Ra4 e4 52. Ra7+ Kf6 53. Ra4 g5 54. Ra2 g4 55. hxg4 hxg4 56. fxg4 fxg4 57. Ra4 Re5 58. Ra8 Kf5 59. Rf8+ Kg6 60. Rf4 e3 61. Rxg4+ Kh5 62. Rf4 Ra5 63. Kf3 Ra1 64. Ke4 Rd1 65. Kf5 Rg1 66. Rh2# 1-0


[Site "https://www.chess.com"]

[Event "Titled Tuesday Blitz October 11 Early 2022"]
[White "Vignesh, N R"]
[Black "Boraso, Alessio"]
[WhiteFideId "25012215"]
[BlackFideId "848077"]
[WhiteElo "2386"]
[BlackElo "2286"]
[Result "0-1"]
[Round "01"]
[TimeControl "180+1"]
[Date "2022.10.12"]
[WhiteClock "0:00:01"]
[BlackClock "0:00:04"]

1. e4 c5 2. Nf3 Nc6 3. b3 e5 4. Bb2 d6 5. g3 Be7 6. Bg2 Nf6 7. O-O O-O 8. Re1 Be6 9. c3 Qd7 10. d4 Bh3 11. Na3 Rfe8 12. Nc4 Bf8 13. dxc5 dxc5 14. Qe2 Bxg2 15. Kxg2 Rad8 16. Rad1 Qe6 17. a4 h6 18. h3 g6 19. Qe3 b6 20. Ba3 Bg7 21. Qe2 Nh5 22. Rxd8 Rxd8 23. Rd1 Qe7 24. Rd5 Nf6 25. Rxd8+ Qxd8 26. Ncxe5 Nxe5 27. Nxe5 Qe7 28. f4 Nh5 29. Ng4 f5 30. Nf2 Kh7 31. e5 Nf6 32. c4 Ne8 33. h4 Nc7 34. h5 Ne6 35. hxg6+ Kxg6 36. Bb2 h5 37. Qf3 Bh6 38. Nd1 h4 39. Ne3 Qd7 40. Qd5 Qf7 0-1


[Site "https://www.chess.com"]

[Event "Titled Tuesday Blitz October 11 Early 2022"]
[White "Winterberg, Lukas"]
[Black "Pakleza, Zbigniew"]
[WhiteFideId "24622702"]
[BlackFideId "1119290"]
[WhiteElo "2349"]
[BlackElo "2411"]
[Result "0-1"]
[Round "01"]
[TimeControl "180+1"]
[Date "2022.10.12"]
[WhiteClock "0:00:07"]
[BlackClock "0:00:04"]

1. d4 d6 2. Nf3 Bg4 3. Nbd2 Nf6 4. h3 Bh5 5. e3 e6 6. b3 d5 7. Bb2 Be7 8. Be2 Nbd7 9. O-O O-O 10. c4 c6 11. Ne5 Bxe2 12. Qxe2 a5 13. f4 a4 14. g4 Nxe5 15. fxe5 Nd7 16. e4 Qa5 17. exd5 cxd5 18. cxd5 Qxd5 19. Qf3 Nb6 20. Qxd5 Nxd5 21. bxa4 Rxa4 22. Nb3 Rfa8 23. Rfc1 h6 24. a3 Bxa3 25. Bxa3 Rxa3 26. Rxa3 Rxa3 27. Nc5 Rxh3 28. Nd7 g5 29. Kf2 b5 30. Rc8+ Kg7 31. Rb8 b4 32. Nc5 h5 33. Rb7 Kg6 34. gxh5+ Rxh5 35. Nd7 Rh4 36. Nf8+ Kh6 37. Rxf7 Rf4+ 38. Rxf4 Nxf4 39. Ke3 b3 40. Kd2 g4 41. d5 exd5 42. e6 Kg7 43. e7 Kf7 44. Nd7 Kxe7 45. Ne5 g3 46. Kc3 g2 47. Nf3 Kf6 48. Kxb3 Kf5 49. Kc3 Ke4 50. Ng1 Ke3 51. Kc2 d4 52. Kd1 d3 53. Ke1 d2+ 54. Kd1 Nd3 55. Nh3 Nf2+ 56. Kc2 Nxh3 0-1


[Site "https://www.chess.com"]

[Event "Titled Tuesday Blitz October 11 Early 2022"]
[White "Yanchenko, Roman"]
[Black "Omariev, Maksim"]
[WhiteFideId "4137329"]
[BlackFideId "4193423"]
[WhiteElo "2514"]
[BlackElo "2444"]
[Result "1-0"]
[Round "01"]
[TimeControl "180+1"]
[Date "2022.10.12"]
[WhiteClock "0:01:12"]
[BlackClock "0:00:02"]

1. d4 d5 2. c4 e6 3. Nc3 Nf6 4. Bg5 Be7 5. e3 h6 6. Bh4 O-O 7. Nf3 b6 8. cxd5 Nxd5 9. Bxe7 Nxe7 10. Bd3 Bb7 11. O-O Nd7 12. Qe2 c5 13. dxc5 Nxc5 14. Bc4 Nf5 15. Rfd1 Qe7 16. Nd4 Nh4 17. f3 Rfd8 18. b4 Nd7 19. a3 Rac8 20. Rac1 Ne5 21. Ba2 Rxd4 22. exd4 Nexf3+ 23. gxf3 Qg5+ 24. Kf2 Qg2+ 25. Ke3 Nf5+ 26. Kd2 Qg5+ 27. Kc2 Ne3+ 28. Kb2 Nxd1+ 29. Rxd1 Qf4 30. d5 Qf6 31. Qe3 exd5 32. Bxd5 Bxd5 33. Rxd5 g5 34. Re5 Rc4 35. Nd5 Qd6 36. Re8+ Kh7 37. Qd3+ Kg7 38. Qxc4 Qxh2+ 39. Kb3 Qf2 40. Qc3+ Kg6 41. Rg8+ Kh5 42. Nf6+ Kh4 43. Rh8 Kg3 44. f4+ Kg2 45. fxg5 hxg5 46. Qh3+ 1-0


[Site "https://www.chess.com"]